 Dungeon Crawl Stone Soup version 0.30-a0-6-g7c9e10e132 (webtiles) character file.

Game seed: 15714357925574880882

18 xian the Gusty (level 2, -4/15 HPs)
             Began as a Tengu Air Elementalist on Aug 23, 2022.
             Slain by Crazy Yiuf
             ... wielding a +3 quarterstaff of chaos
              (5 damage)
             ... on level 2 of the Dungeon.
             The game lasted 00:02:07 (984 turns).

xian the Gusty (Tengu Air Elementalist)              Turns: 984, Time: 00:02:07

Health: -4/15      AC:  3    Str:  8    XL:     2   Next: 66%
Magic:  4/6        EV: 12    Int: 15    God:
Gold:   112        SH:  0    Dex: 14    Spells: 2/5 levels left

rFire   . . .      SeeInvis .    c - +0 hand axe
rCold   . . .      Faith    .    (no shield)
rNeg    . . .      Spirit   .    g - +0 leather armour
rPois   .          Reflect  .    (helmet restricted)
rElec   .          Harm     .    (no cloak)
rCorr   .          Rampage  .    (no gloves)
Will    .....                    (boots unavailable)
Stlth   ++........               (no amulet)
HPRegen 0.05/turn                (no ring)
MPRegen 0.10/turn                (no ring)

@: no status effects
A: beak, talons 3
a: no special abilities


You were on level 2 of the Dungeon.
You visited 1 branch of the dungeon, and saw 2 of its levels.

You collected 112 gold pieces.

Inventory:

Hand Weapons
 c - a +0 hand axe (weapon)
Armour
 g - a +0 leather armour (worn)
Scrolls
 a - a scroll of fog {unknown}
 d - a scroll of enchant weapon {unknown}
 e - 2 scrolls of immolation {unknown}
 f - 2 scrolls of noise {unknown}
 h - a scroll of teleportation {unknown}
Potions
 b - a potion of magic


   Skills:
 + Level 2.4 Dodging
 + Level 2.0 Stealth
 + Level 2.3 Spellcasting
 + Level 1.4 Conjurations
 + Level 4.6 Air Magic


You had 2 spell levels left.
You knew the following spells:

 Your Spells              Type           Power      Damage    Failure   Level
a - Shock                 Conj/Air       40%        1d5       9%          1
b - Static Discharge      Conj/Air       10%        3-5/arc   14%         2

Your spell library contained the following spells:

 Spells                   Type           Power      Damage    Failure   Level
 Swiftness                Air            15%        N/A       14%         3
 Airstrike                Air            7%         2d(2-18)  43%         4


Dungeon Overview and Level Annotations

Branches:
Dungeon (2/15)

Altars:

Annotations:
D:2 Crazy Yiuf


Innate Abilities, Weirdness & Mutations

You have a beak for a mouth.
You have claws for feet.


Message History

A rat comes into view.
The zap hits the rat.
The rat is moderately wounded.
The zap hits the rat.
You kill the rat!
You now have 85 gold pieces (gained 15).
Found an escape hatch in the ceiling.
Found a short sword.
Found 4 stones.
You now have 97 gold pieces (gained 12).
a - a scroll labelled VUECRY OXIU You see here 4 stones.
e - 2 scrolls labelled SIREIRIEFF (gained 1)
You now have 112 gold pieces (gained 15).
Found a short sword.
h - a scroll labelled LOWNUXOL NIWAS You see here a +0 short sword.
A rat comes into view.
The zap hits the rat.
You kill the rat!
You can't see any susceptible monsters within range! (Use Z to cast anyway.)
You can't see any susceptible monsters within range! (Use Z to cast anyway.)
You see here a +0 short sword.
You hit the fungus.
The fungus begins to die.
You peck the fungus.
The fungus is lightly damaged.
You hit the fungus.
The fungus begins to die.
A nearby fungus withers and dies. x2
Found a hammer.
Found a runed translucent door.
Crazy Yiuf cries, "Whippet!"
You open the door.
Casting: Shock (safe; 9% risk of failure)
Confirm with . or Enter, or press ? or * to list all spells.
Crazy Yiuf is struck by an arc of lightning!
Crazy Yiuf is moderately wounded.
You are struck by an arc of lightning.
The lightning grounds out.
Crazy Yiuf hits you with a +3 quarterstaff of chaos!
Ouch! That really hurt!
* * * LOW HITPOINT WARNING * * *
Space warps around you.
You die...

###.# ###.#######.#
#...........#
#.#.....####
..#..#### ###..#
#..####### ###
#...)..#.## ###..)#
#..#.....P####@g...#
#..##....P.#..##...#
#..###.#..#.### ###
###..# ########
....##### ##..#
#.##### #..#
#..##.## .#
#..###..#.#.## #.#
#....)...###.#####.#


You could see Crazy Yiuf.

Vanquished Creatures
  A ball python (D:2)
  3 bats
  An endoplasm (D:1)
  A giant cockroach (D:1)
  2 goblins (D:1)
  A hobgoblin (D:1)
  2 frilled lizards
  8 rats
19 creatures vanquished.

Vanquished Creatures (others)
  2 fungi (D:2)
2 creatures vanquished.

Grand Total: 21 creatures vanquished

Notes
Turn   | Place    | Note
-------+----------+-------------------------------------------
     0 | D:1      | xian the Tengu Air Elementalist began the quest for the
                  | Orb.
     0 | D:1      | Reached XP level 1. HP: 10/10 MP: 4/4
   562 | D:1      | Reached XP level 2. HP: 15/15 MP: 3/6
   598 | D:1      | Learned a level 2 spell: Static Discharge
   979 | D:2      | Found a runed translucent door.
   980 | D:2      | Noticed Crazy Yiuf
   984 | D:2      | Slain by Crazy Yiuf

Illustrated notes

Levels and vault maps discovered:
D:1:      scummos_arrival_forest, layout_basic, columned_hall_lemuel
D:2:      layout_loops_ring, hellmonk_ecumenical_altar_slurped_away,
          chequers_serial_rivers_large_a, uniq_natasha, uniq_crazy_yiuf_cottage

Action                   || total
-------------------------++-------
Melee: Hand axe          ||     1
       Peck              ||     1
 Cast: Shock             ||    27
       Static Discharge  ||     1
Armor: Robe              ||     1
Dodge: Dodged            ||     4

Table legend: (Time is in decaauts)
 A = Elapsed time spent in this place.
 B = Non-inter-level travel time spent in this place.
 C = Inter-level travel time spent in this place.
 D = Time resting spent in this place.
 E = Time spent auto-exploring this place.
 F = Levels seen in this place.
 G = Mean time per level.
                   A        B        C        D        E       F      G
               +--------+--------+--------+--------+--------+-----+--------+
         Total |    983 |    973 |     10 |      0 |    819 |   2 |  491.5 |
       Dungeon |    983 |    973 |     10 |      0 |    819 |   2 |  491.5 |
               +--------+--------+--------+--------+--------+-----+--------+

Top non-repeatable levels by time:
     D:1: 700 daAuts
     D:2: 283 daAuts
